 Dungeon Crawl Stone Soup version 0.22.0-13-g43fe8f2 (webtiles) character file.

180 mopl the Chucker (level 5, -2/50 HPs)
             Began as a Troll Hunter on Aug 16, 2018.
             Was a Priest of Lugonu.
             Killed by divine providence
             ... invoked by an orc priest
              (12 damage)
             ... on level 4 of the Dungeon.
             The game lasted 00:03:31 (1894 turns).

mopl the Chucker (Troll Hunter)                     Turns: 1894, Time: 00:03:32

Health: -2/50      AC:  5    Str: 20    XL:     5   Next: 33%
Magic:  4/4        EV: 10    Int:  7    God:    Lugonu [***...]
Gold:   100        SH:  0    Dex: 11    Spells: 4/4 levels left

rFire    . . .     SeeInvis .     - Unarmed
rCold    . . .     Gourm    +   (no shield)
rNeg     . . .     Faith    .   b - +0 robe
rPois    .         Spirit   .   (helmet restricted)
rElec    .         Reflect  .   (no cloak)
rCorr    .         Harm     .   (gloves unavailable)
MR       .....                  (boots unavailable)
Stlth    +.........             (no amulet)
HPRegen  0.56/turn              (no ring)
MPRegen  0.09/turn              (no ring)

@: lethally poisoned (-2 -> -3)
A: large, unfitting armour, claws 3, fast metabolism 3, gourmand, regeneration
1, shaggy fur 1, tough skin 2
a: Depart the Abyss, Bend Space, Banish, Renounce Religion


You were on level 4 of the Dungeon.
You worshipped Lugonu.
Lugonu was most pleased with you.
You were completely stuffed.

You visited 1 branch of the dungeon, and saw 4 of its levels.

You collected 100 gold pieces.

Inventory:

Missiles
 c - 5 large rocks (quivered)
 d - 2 throwing nets
 g - 7 tomahawks
 k - 12 poisoned needles
Armour
 b - a +0 robe (worn)
Scrolls
 a - 3 scrolls of remove curse {unknown}
 e - a scroll of noise {unknown}
 h - a scroll of teleportation {unknown}
 j - a scroll of immolation {unknown}
 p - a scroll of enchant weapon {unknown}
Potions
 l - a potion of flight
 n - a potion of might
 o - a potion of heal wounds
 q - a potion of lignification {!q}
 r - a potion of magic
Comestibles
 f - 11 rations


   Skills:
 + Level 2.6 Fighting
 + Level 4.2 Throwing
 - Level 1.5 Dodging
 - Level 0.3 Stealth
 * Level 3.3 Unarmed Combat
 + Level 1.0 Invocations


You had 4 spell levels left.
You didn't know any spells.
Your spell library was empty.

Dungeon Overview and Level Annotations

Branches:
Dungeon (4/15)
 Temple: D:4-7

Altars:
Gozag
Hepliaklqana
Kikubaaqudgha
Sif Muna
Uskayaw
Lugonu


Innate Abilities, Weirdness & Mutations

You are too large for most types of armour.
You have claws for hands.
Your metabolism is lightning-fast.
You like to eat raw meat.
Your natural rate of healing is unusually fast.
You are covered in fur. (AC +1)
You have very tough skin. (AC +2)


Message History

The orc wizard is moderately wounded.
The orc closely misses you. The orc priest barely misses you.
The orc wizard hits you with a dagger.
You claw the orc wizard!
The orc wizard is almost dead.
The orc hits you from afar with a trident.
The adder barely misses you.
The orc priest calls down the wrath of Beogh upon you.
Pain shoots through your body!
You are too injured to fight recklessly!
You are too injured to fight recklessly!
The orc wizard points at you and mumbles some strange words.
You resist with some effort. The adder bites you.
You are poisoned.
The adder poisons you!
The orc hits you from afar with a trident!
* * * LOW HITPOINT WARNING * * *
The orc priest invokes the aid of Beogh against you.
Beogh smites you!
You die...

########
##.....?##
##>.....o.##
#.....@.o..#
#.....S....#
#.......o>.#
#..........#
#..........#
##........##
#.........
...........


You could see an orc priest, an orc wizard, an adder and an orc.

Vanquished Creatures
  An orc priest (D:3)
  7 adders
  An ooze (D:1)
  5 worms
  3 dart slugs
  A leopard gecko (D:1)
  4 orcs
  8 bats
  5 giant cockroaches
  4 hobgoblins
  A quokka (D:2)
  A ball python (D:1)
  6 frilled lizards
  3 goblins
  6 kobolds
  12 rats
68 creatures vanquished.

Notes
Turn   | Place    | Note
-------+----------+-------------------------------------------
     0 | D:1      | mopl the Troll Hunter began the quest for the Orb.
     0 | D:1      | Reached XP level 1. HP: 19/19 MP: 0/0
   234 | D:1      | Reached skill level 1 in Unarmed Combat
   266 | D:1      | Reached XP level 2. HP: 27/28 MP: 1/1
   601 | D:2      | Found a hazy altar of Hepliaklqana.
   619 | D:2      | Found an opulent altar of Gozag.
   702 | D:2      | Reached skill level 2 in Fighting
   702 | D:2      | Reached XP level 3. HP: 35/35 MP: 2/2
   704 | D:2      | Found a deep blue altar of Sif Muna.
   709 | D:2      | Reached skill level 2 in Unarmed Combat
   761 | D:2      | Found a faded altar of an unknown god.
   770 | D:2      | Became a worshipper of Lugonu the Unformed
   770 | D:2      | Reached * piety under Lugonu
   770 | D:2      | Reached ** piety under Lugonu
   836 | D:2      | Reached skill level 4 in Throwing
   922 | D:2      | Reached XP level 4. HP: 36/42 MP: 3/3
   995 | D:2      | Found an ancient bone altar of Kikubaaqudgha.
  1055 | D:2      | Found a hide-covered altar of Uskayaw.
  1055 | D:2      | Noticed a hand axe
  1058 | D:2      | Noticed a dagger
  1389 | D:3      | Reached skill level 3 in Unarmed Combat
  1462 | D:3      | Reached *** piety under Lugonu
  1472 | D:3      | Reached skill level 1 in Invocations
  1472 | D:3      | Reached XP level 5. HP: 47/50 MP: 4/4
  1894 | D:4      | Killed from afar by an orc priest

Skill      XL: |  1  2  3  4 |
---------------+-------------+-----
Unarmed Combat | 1 2 3 |  3.3
Fighting       | 2 |  2.6
Throwing       | 4 |  4.2
Invocations    | 1 |  1.0
Dodging        | |  1.5
Stealth        | |  0.3

Action                   |  1- 3 |  4- 6 || total
-------------------------+-------+-------++-------
Melee: Unarmed           |    95 |   126 ||   221
       Punch             |     1 |     3 ||     4
  Use: Scroll            |       |     5 ||     5
 Stab: Sleeping          |     3 |     2 ||     5
       Distracted        |       |     1 ||     1
  Eat: Chunk             |    14 |     9 ||    23
Armor: Robe              |    24 |    51 ||    75
Dodge: Dodged            |    43 |    64 ||   107
